 Dungeon Crawl Stone Soup version 0.29.1-15-g9cfb28693d (webtiles) character file.

Game seed: 2114877746694080457

301 hawla the Chiller (level 6, 0/45 HPs)
             Began as a Meteoran Ice Elementalist on Feb 28, 2023.
             Was an Initiate of Vehumet.
             Slain by a black bear (1 damage)
             ... on level 4 of the Dungeon.
             The game lasted 00:06:07 (884 turns).

hawla the Chiller (Meteoran Ice Elementalist)        Turns: 884, Time: 00:06:07

Health: 0/45       AC:  2    Str: 10    XL:     6   Next: 97%
Magic:  0/12       EV: 12    Int: 19    God:    Vehumet [......]
Gold:   86         SH:  0    Dex: 14    Spells: 4/12 levels left

rFire   . . .      SeeInvis .   (no weapon)
rCold   . . .      Faith    .   (no shield)
rNeg    . . .      Spirit   .   a - +0 robe
rPois   .          Reflect  .   (no helmet)
rElec   .          Harm     .   (no cloak)
rCorr   .          Rampage  .   (no gloves)
Will    .....                   (no boots)
Stlth   +.........              (no amulet)
HPRegen 0.15/turn               (no ring)
MPRegen 0.13/turn               (no ring)

@: glowing
A: sense surroundings 1, otherworldly, glowing, explore regen
a: Renounce Religion


You were on level 4 of the Dungeon.
You worshipped Vehumet.
Vehumet was noncommittal.
You visited 2 branches of the dungeon, and saw 6 of its levels.

You collected 86 gold pieces.

Inventory:

Armour
 a - a +0 robe (worn)
Scrolls
 d - a scroll of magic mapping {unknown}
 e - 2 scrolls of vulnerability {unknown}
 f - a scroll of enchant weapon {unknown}
 g - a scroll of brand weapon {unknown}
 k - 5 scrolls of identify {unknown}
 m - a scroll of noise {unknown}
 n - a scroll of butterflies {unknown}
Potions
 b - a potion of magic
 c - 2 potions of curing
 h - a potion of invisibility {unknown}
 i - 2 potions of resistance {unknown}
 j - a potion of heal wounds {unknown}
 l - a potion of degeneration {unknown}


   Skills:
 - Level 0.2 Fighting
 - Level 2.6 Dodging
 - Level 1.4 Stealth
 - Level 3.9 Spellcasting
 + Level 5.1 Conjurations
 - Level 5.7 Ice Magic


You had 4 spell levels left.
You knew the following spells:

 Your Spells              Type           Power      Damage    Failure   Level
a - Freeze                Ice            100%       1d11      1%          1
b - Frozen Ramparts       Ice            50%        1d8       3%          3
c - Hailstorm             Conj/Ice       24%        3d7       14%         4

Your spell library contained the following spells:

 Spells                   Type           Power      Damage    Failure   Level
 Ozocubu's Armour         Ice            25%        N/A       3%          3
 Sandblast                Erth           6%         2d5       14%         1
 Sting                    Tmut/Pois      12%        1d3       14%         1
 Stone Arrow              Conj/Erth      26%        3d8       14%         3
 Passwall                 Tmut/Erth      2%         N/A       22%         2
 Poisonous Vapours        Pois/Air       6%         N/A       22%         2
 Ice Form                 Ice/Tmut       14%        N/A       38%         4
 Summon Ice Beast         Ice/Summ       14%        N/A       38%         4
 Olgreb's Toxic Radiance  Pois           3%         N/A       80%         4


Dungeon Overview and Level Annotations

Branches:
Dungeon (5/15) Zot: 2142   Temple (1/1) D:4 Zot: 574

Altars:
Elyvilon
Gozag
Hepliaklqana
Kikubaaqudgha
Makhleb
Okawaru
Qazlal
Trog
Uskayaw
Vehumet
Xom
Yredelemnul
The Shining One

Annotations:
D:5 Menkaure


Innate Abilities, Weirdness & Mutations

You passively map a small area around you.
You are easily found by Zot.
You glow in the dark.
You regain HP and MP as you explore.


Message History

Aiming: Freeze (safe; 1% risk of failure)
Press: ? - help, Shift-Dir - straight line, f - black bear
Aim: a black bear (lightly wounded)
You freeze the black bear.
The black bear is moderately wounded.
The wall freezes the iguana!
You kill the iguana!
Vehumet accepts your kill.
The wall freezes the black bear.
The black bear bites you. The black bear claws you.
The black bear barely misses you.
Your Conjurations skill increases to level 5!
Your frozen ramparts will break if you move.
Continue?
Menkaure gestures at you while chanting.
Pain shoots through your body!
The wall freezes the black bear.
The black bear bites you but does no damage.
The black bear claws you. x2
* * * LOW HITPOINT WARNING * * *
The frozen ramparts melt away.
You climb upwards.
There is a stone staircase leading down here.
Casting: Freeze (safe; 1% risk of failure)
Confirm with . or Enter, or press ? or * to list all spells.
Aiming: Freeze (safe; 1% risk of failure)
Press: ? - help, Shift-Dir - straight line, f - black bear
Aim: a black bear (heavily wounded)
You freeze the black bear.
The black bear is heavily wounded.
The black bear bites you.
* * * LOW HITPOINT WARNING * * *
The black bear claws you but does no damage.
The black bear claws you.
* * * LOW HITPOINT WARNING * * *
It was a potion of curing.
You feel better. The black bear bites you. The black bear claws you.
* * * LOW HITPOINT WARNING * * *
The black bear misses you.
The black bear attacks as you move away!
The black bear bites you!
* * * LOW HITPOINT WARNING * * *
The black bear claws you.
You die...

#### * #..# #..#
##.<# ###...# * ,*
###.....#
#...@...##
##..h.....# ,,
#.........##
#..........# ### *
#..........###.##
*
#......###[..#...#
, ,........#
###...#..##
........#
##...#...##
......>
*##..#.#.#..##


You could see a black bear.

Vanquished Creatures
  A black bear (D:4)
  2 scorpions (D:5)
  An iguana (D:5)
  4 adders
  2 dart slugs (D:2)
  2 orcs
  4 endoplasms
  A giant cockroach (D:3)
  3 goblins
  2 hobgoblins
  4 jackals (D:4)
  A quokka (D:4)
  3 ball pythons
  A bat (D:1)
  A frilled lizard (D:2)
  2 rats (D:2)
34 creatures vanquished.

Notes
Turn   | Place    | Note
-------+----------+-------------------------------------------
     0 | D:1      | hawla the Meteoran Ice Elementalist began the quest for the
                  | Orb.
     0 | D:1      | Reached XP level 1. HP: 14/14 MP: 5/5
   118 | D:2      | Reached XP level 2. HP: 19/20 MP: 3/6
   302 | D:2      | Found a stormy altar of Qazlal.
   336 | D:2      | Reached skill level 5 in Ice Magic
   336 | D:2      | Reached XP level 3. HP: 19/26 MP: 4/8
   340 | D:2      | Learned a level 3 spell: Frozen Ramparts
   431 | D:2      | You fall into a shaft and drop 2 floors!
   443 | D:4      | Found a staircase to the Ecumenical Temple.
   450 | Temple   | Entered the Ecumenical Temple
   469 | Temple   | Became a worshipper of Vehumet
   495 | D:5      | Entered Level 5 of the Dungeon
   495 | D:5      | Noticed a scorpion
   502 | D:5      | Killed a scorpion
   503 | D:5      | Reached XP level 4. HP: 6/33 MP: 0/10
   503 | D:5      | Reached XP level 5. HP: 7/38 MP: 0/11
   519 | D:5      | Noticed a black bear
   522 | D:5      | Noticed Menkaure
   529 | D:4      | Noticed a black bear
   611 | D:3      | Identified the +4 leather armour of Hubris {rF+}
   611 | D:3      | Noticed a +0 falchion
   611 | D:3      | Noticed a +0 dagger
   611 | D:3      | Noticed a +0 spear
   612 | D:3      | Noticed a +0 spear
   612 | D:3      | Noticed a +0 dagger
   615 | D:3      | Noticed a +0 falchion
   615 | D:3      | Noticed a +0 short sword
   616 | D:3      | Noticed a +0 short sword
   632 | D:3      | Found a hide-covered altar of Uskayaw.
   641 | D:3      | Learned a level 4 spell: Hailstorm
   711 | D:4      | Reached skill level 1 in Conjurations
   748 | D:4      | Killed a black bear
   749 | D:4      | Reached XP level 6. HP: 37/45 MP: 2/12
   880 | D:5      | Reached skill level 5 in Conjurations
   884 | D:4      | HP: 1/45 [black bear (8)]
   884 | D:4      | Slain by a black bear

Illustrated notes

Levels and vault maps discovered:
D:1:      psy_arrival_dodecagon, layout_basic
D:2:      layout_loops_ring, basic_altar
D:3:      layout_basic, nicolae_uskayaw_en_pointe, mainiacjoe_overflow_alcove_1,
          ebering_ghost_reflecting_pool,
          dreamdust_ecumenical_altar_angels_and_demons
D:4:      layout_layer_cave, mainiacjoe_overflow_paths, fedhas_altar_3,
          minmay_temple_entry_arrows, minmay_vboxes
D:5:      layout_cave_pools, zin_statuary, minmay_starry_boxes, uniq_grinder,
          uniq_crazy_yiuf_cottage, uniq_blork_the_orc, uniq_menkaure
Temple:   hellmonk_temple_two_chambers

Skill      XL: |  1  2  3  4  5  6 |
---------------+-------------------+-----
Spellcasting   | 3 |  3.9
Ice Magic      | 5 |  5.7
Conjurations   | 4 5 |  5.1
Fighting       | |  0.2
Dodging        | |  2.6
Stealth        | |  1.4

Action                   |  1- 3 |  4- 6 || total
-------------------------+-------+-------++-------
Melee: Unarmed           |    11 |     9 ||    20
 Cast: Freeze            |    24 |    13 ||    37
       Frozen Ramparts   |       |     9 ||     9
       Hailstorm         |       |     3 ||     3
  Use: Potion            |       |     1 ||     1
Armor: Robe              |     5 |     6 ||    11
Dodge: Dodged            |    11 |    22 ||    33
